EL
PORTLAND SEA DOGS @ NEW HAMPSHIRE FISHER CATS
09/13/2047
 
TOP OF THE 1ST
Portland Sea Dogs batting - Pitching for New Hampshire Fisher Cats : LHP Eddie Muniz
Pitching: LHP Eddie Muniz
Batting: RHB Matt Hinkle 0-0: Called Strike
0-1: Swinging Strike
0-2: Ball
1-2: Ball
2-2: Foul Ball, location: 2F
2-2: SINGLE (Line Drive, 4MD, EV 107.5 MPH)
Batting: RHB Andy Garvin 0-0: Ball
1-0: Fly out, F8 (Flyball, 78M, EV 88.8 MPH)
Batting: SHB Ben Ervin 0-0: Ball
1-0: Swinging Strike
1-1: Ball
2-1: Foul Ball, location: 2F
2-2: Ball
3-2: Ground out 4-3 (Groundball, 34S, EV 82.5 MPH)
Matt Hinkle to second
Batting: RHB Sal Rivera 0-0: Ball
1-0: Ground out 5-3 (Groundball, 5L, EV 102.5 MPH)
Top of the 1st over - 0 runs, 1 hit, 0 errors, 1 left on base; Portland 0 - New Hampshire 0
BOTTOM OF THE 1ST
New Hampshire Fisher Cats batting - Pitching for Portland Sea Dogs : RHP Andy Garvin
Pitching: RHP Andy Garvin
Batting: RHB Frank Caulfield 0-0: Ball
1-0: SINGLE (Groundball, 15S, EV 65.6 MPH) (infield hit)
Batting: SHB Dominik Hasek II 0-0: Ball
1-0: Called Strike
1-1: Ball
2-1: Foul Ball, location: 2F
2-2: Fly out, F8 (Flyball, 89D, EV 111.2 MPH)
Batting: LHB Rodrigo Briceno 0-0: Called Strike
0-1: Fielders Choice at 2nd, 5-4 (Groundball, 56, EV 84.4 MPH)
Batting: RHB Selam Chimsima 0-0: Foul Ball, location: 2F
0-1: Foul Ball, location: 2F
0-2: Ball
1-2: Fly out, F4 (Popup, 34D, EV 62.5 MPH)
Bottom of the 1st over - 0 runs, 1 hit, 0 errors, 1 left on base; Portland 0 - New Hampshire 0
TOP OF THE 2ND
Portland Sea Dogs batting - Pitching for New Hampshire Fisher Cats : LHP Eddie Muniz
Batting: RHB Zi-jing Wang 0-0: Called Strike
0-1: Ball
1-1: Foul Ball, location: 2F
1-2: Ground out 1-3 (Groundball, 34S, EV 70.0 MPH)
Batting: RHB Alex Melendez 0-0: Called Strike
0-1: Swinging Strike
0-2: Ball
1-2: Fly out, F8 (Flyball, 8LD, EV 108.1 MPH)
Batting: RHB Frank Sokolosky 0-0: Ball
1-0: Foul Ball, location: 2F
1-1: Fly out, F8 (Flyball, 8RS, EV 92.5 MPH)
Top of the 2nd over - 0 runs, 0 hits, 0 errors, 0 left on base; Portland 0 - New Hampshire 0
BOTTOM OF THE 2ND
New Hampshire Fisher Cats batting - Pitching for Portland Sea Dogs : RHP Andy Garvin
Batting: RHB Bill Murray 0-0: Ground out 5-3 (Groundball, 5S, EV 71.9 MPH)
Batting: RHB Kirk Seiffert 0-0: Called Strike
0-1: Ball
1-1: Ball
2-1: Ground out 4-3 (Groundball, 4, EV 78.8 MPH)
Batting: LHB Eddie Muniz 0-0: Fly out, F9 (Flyball, 9D, EV 100.6 MPH)
Bottom of the 2nd over - 0 runs, 0 hits, 0 errors, 0 left on base; Portland 0 - New Hampshire 0
TOP OF THE 3RD
Portland Sea Dogs batting - Pitching for New Hampshire Fisher Cats : LHP Eddie Muniz
Batting: RHB Nick Cottrell 0-0: Ball
1-0: Ground out 5-3 (Groundball, 5, EV 86.9 MPH)
Batting: LHB Parker Lowe 0-0: Ball
1-0: Ball
2-0: Called Strike
2-1: Called Strike
2-2: Ground out 4-3 (Groundball, 4S, EV 92.5 MPH)
Batting: RHB Matt Hinkle 0-0: Ball
1-0: Foul Ball, location: 2F
1-1: Swinging Strike
1-2: Ground out 6-3 (Groundball, 6, EV 101.2 MPH)
Top of the 3rd over - 0 runs, 0 hits, 0 errors, 0 left on base; Portland 0 - New Hampshire 0
BOTTOM OF THE 3RD
New Hampshire Fisher Cats batting - Pitching for Portland Sea Dogs : RHP Andy Garvin
Batting: RHB Bryan Peterson 0-0: Called Strike
0-1: Ball
1-1: Foul Ball, location: 2F
1-2: Strikes out swinging
Batting: RHB Bryan Mattis 0-0: Ball
1-0: Foul Ball, location: 2F
1-1: Foul Ball, location: 2F
1-2: Strikes out looking
Batting: RHB Frank Caulfield 0-0: Called Strike
0-1: Fly out, F7 (Flyball, 78M, EV 89.4 MPH)
Bottom of the 3rd over - 0 runs, 0 hits, 0 errors, 0 left on base; Portland 0 - New Hampshire 0
TOP OF THE 4TH
Portland Sea Dogs batting - Pitching for New Hampshire Fisher Cats : LHP Eddie Muniz
Batting: RHB Andy Garvin 0-0: Called Strike
0-1: Ball
1-1: Ball
2-1: Fly out, F8 (Flyball, 8LD, EV 90.0 MPH)
Batting: SHB Ben Ervin 0-0: Ball
1-0: Called Strike
1-1: Ground out 4-3 (Groundball, 4, EV 100.0 MPH)
Batting: RHB Sal Rivera 0-0: Swinging Strike
0-1: Ball
1-1: Foul Ball, location: 2F
1-2: Foul Ball, location: 2F
1-2: Ball
2-2: Ball
3-2: Strikes out swinging
Top of the 4th over - 0 runs, 0 hits, 0 errors, 0 left on base; Portland 0 - New Hampshire 0
BOTTOM OF THE 4TH
New Hampshire Fisher Cats batting - Pitching for Portland Sea Dogs : RHP Andy Garvin
Batting: SHB Dominik Hasek II 0-0: Called Strike
0-1: Ball
1-1: TRIPLE (Flyball, 89XD, EV 86.9 MPH)
Batting: LHB Rodrigo Briceno 0-0: Called Strike
0-1: Ball
1-1: Ball
2-1: Ball
3-1: Fly out, F7 (Flyball, 7S, EV 95.6 MPH)
Batting: RHB Selam Chimsima 0-0: Ground out 6-3 (Groundball, 6, EV 87.5 MPH)
Dominik Hasek II scores
Batting: RHB Bill Murray 0-0: Called Strike
0-1: Ground out 6-3 (Groundball, 6, EV 77.5 MPH)
Bottom of the 4th over - 1 run, 1 hit, 0 errors, 0 left on base; Portland 0 - New Hampshire 1
TOP OF THE 5TH
Portland Sea Dogs batting - Pitching for New Hampshire Fisher Cats : LHP Eddie Muniz
Batting: RHB Zi-jing Wang 0-0: Ground out 3-1 (Groundball, 34, EV 81.9 MPH)
Batting: RHB Alex Melendez 0-0: Ball
1-0: Ground out 5-3 (Groundball, 56, EV 102.5 MPH)
Batting: RHB Frank Sokolosky 0-0: Foul Ball, location: 2F
0-1: Ground out 4-3 (Groundball, 4, EV 105.0 MPH)
Top of the 5th over - 0 runs, 0 hits, 0 errors, 0 left on base; Portland 0 - New Hampshire 1
BOTTOM OF THE 5TH
New Hampshire Fisher Cats batting - Pitching for Portland Sea Dogs : RHP Andy Garvin
Batting: RHB Kirk Seiffert 0-0: Foul Ball, location: 2F
0-1: Ball
1-1: Called Strike
1-2: Ground out 1-3 (Groundball, 13S, EV 71.9 MPH)
Batting: LHB Eddie Muniz 0-0: Swinging Strike
0-1: Fly out, F9 (Flyball, 9S, EV 85.6 MPH)
Batting: RHB Bryan Peterson 0-0: Ball
1-0: Ball
2-0: Ball
3-0: Base on Balls
Batting: RHB Bryan Mattis 0-0: Ball
1-0: Ball
2-0: Called Strike
2-1: Foul Ball, location: 2F
2-2: Foul Ball, location: 2F
2-2: DOUBLE (Line Drive, 78D, EV 106.2 MPH)
Bryan Peterson to third
Batting: RHB Frank Caulfield 0-0: Foul Ball, location: 2F
0-1: Ball
Passed Ball!
Bryan Peterson scores
Bryan Mattis to third
1-1: Swinging Strike
1-2: SINGLE (Groundball, 6MD, EV 103.8 MPH)
Bryan Mattis scores
Batting: SHB Dominik Hasek II 0-0: Ball
1-0: Called Strike
1-1: Foul Ball, location: 2F
1-2: Foul Ball, location: 2F
1-2: Ball
Frank Caulfield is caught stealing 2nd base 2-6
Bottom of the 5th over - 2 runs, 2 hits, 0 errors, 0 left on base; Portland 0 - New Hampshire 3
TOP OF THE 6TH
Portland Sea Dogs batting - Pitching for New Hampshire Fisher Cats : LHP Eddie Muniz
Batting: RHB Nick Cottrell 0-0: Ball
1-0: Ground out 1-3 (Groundball, P, EV 63.1 MPH)
Batting: LHB Parker Lowe 0-0: Called Strike
0-1: Ball
1-1: Foul Ball, location: 2F
1-2: Ball
2-2: SINGLE (Line Drive, 6M, EV 106.9 MPH)
Batting: RHB Matt Hinkle 0-0: Called Strike
0-1: Ball
1-1: Fielders Choice at 2nd, 6-4 (Groundball, 6MD, EV 100.6 MPH)
Batting: RHB Andy Garvin 0-0: Foul Ball, location: 2F
0-1: Swinging Strike
Matt Hinkle steals 2nd, throwing error, E2
Matt Hinkle to third
0-2: Ball
1-2: Strikes out swinging
Top of the 6th over - 0 runs, 1 hit, 1 error, 1 left on base; Portland 0 - New Hampshire 3
BOTTOM OF THE 6TH
New Hampshire Fisher Cats batting - Pitching for Portland Sea Dogs : RHP Andy Garvin
Batting: SHB Dominik Hasek II 0-0: Ball
1-0: Called Strike
1-1: Ball
2-1: SINGLE (Line Drive, 7S, EV 104.4 MPH)
Batting: LHB Rodrigo Briceno 0-0: Called Strike
0-1: Foul Ball, location: 2F
0-2: Foul Ball, location: 2F
0-2: Ball
1-2: Ball
2-2: DOUBLE (Flyball, 78XD, EV 106.2 MPH)
Dominik Hasek II to third
Batting: RHB Selam Chimsima 0-0: Called Strike
0-1: Foul Ball, location: 2F
0-2: Ball
1-2: Foul Ball, location: 2F
1-2: Strikes out swinging
Batting: RHB Bill Murray 0-0: Ball
1-0: Called Strike
1-1: Ball
2-1: Foul Ball, location: 2F
2-2: Strikes out swinging
Batting: RHB Kirk Seiffert 0-0: Ball
1-0: Called Strike
1-1: Swinging Strike
1-2: Ball
2-2: Ball
3-2: SINGLE (Groundball, 34D, EV 98.1 MPH)
Dominik Hasek II scores
Rodrigo Briceno to third
Runner from 3rd tries for Home, throw by RF and OUT! 9-2
Bottom of the 6th over - 1 run, 3 hits, 0 errors, 1 left on base; Portland 0 - New Hampshire 4
TOP OF THE 7TH
Portland Sea Dogs batting - Pitching for New Hampshire Fisher Cats : LHP Eddie Muniz
Batting: SHB Ben Ervin 0-0: Called Strike
0-1: SINGLE (Groundball, 5D, EV 93.8 MPH)
Batting: RHB Sal Rivera 0-0: Called Strike
Ben Ervin is caught stealing 2nd base 2-4
0-1: Ground out 5-3 (Groundball, 56, EV 85.0 MPH)
Batting: RHB Zi-jing Wang 0-0: Foul Ball, location: 2F
0-1: SINGLE (Groundball, 6MS, EV 60.6 MPH) (infield hit)
Batting: RHB Alex Melendez 0-0: Ball
1-0: Called Strike
1-1: Ground out 5-3 (Groundball, 5S, EV 67.5 MPH)
Top of the 7th over - 0 runs, 2 hits, 0 errors, 1 left on base; Portland 0 - New Hampshire 4
BOTTOM OF THE 7TH
New Hampshire Fisher Cats batting - Pitching for Portland Sea Dogs : RHP Andy Garvin
Pitching: RHP Riley Pooley
Batting: LHB Eddie Muniz 0-0: Ball
1-0: Ball
2-0: Ground out 4-3 (Groundball, 4, EV 84.4 MPH)
Batting: RHB Bryan Peterson 0-0: Foul Ball, location: 2F
0-1: Swinging Strike
0-2: Foul Ball, location: 2F
0-2: Ground out 5-3 (Groundball, 5L, EV 104.4 MPH)
Batting: RHB Bryan Mattis 0-0: Ball
1-0: Called Strike
1-1: Called Strike
1-2: Strikes out swinging, 2-3 out at first.
Bottom of the 7th over - 0 runs, 0 hits, 0 errors, 0 left on base; Portland 0 - New Hampshire 4
TOP OF THE 8TH
Portland Sea Dogs batting - Pitching for New Hampshire Fisher Cats : LHP Eddie Muniz
Batting: RHB Frank Sokolosky 0-0: Called Strike
0-1: Ground out 4-3 (Groundball, 4, EV 85.0 MPH)
Batting: RHB Nick Cottrell 0-0: Foul Ball, location: 2F
0-1: Ball
1-1: Called Strike
1-2: Ball
2-2: Ball
3-2: Base on Balls
Pinch Hitting: RHB Carlos Nolasco 0-0: Ground out 4-3 (Groundball, 13, EV 86.2 MPH)
Nick Cottrell to second
Batting: RHB Matt Hinkle 0-0: 2-RUN HOME RUN (Flyball, 7D, EV 95.6 MPH), Distance : 378 ft
Pitching: RHP Aaron Linkous
Batting: RHB Andy Garvin 0-0: Ground out 6-3 (Groundball, 6, EV 84.4 MPH)
Top of the 8th over - 2 runs, 1 hit, 0 errors, 0 left on base; Portland 2 - New Hampshire 4
BOTTOM OF THE 8TH
New Hampshire Fisher Cats batting - Pitching for Portland Sea Dogs : RHP Riley Pooley
Now at 1B: Ben Ervin
Now at 3B: Carlos Nolasco
Batting: RHB Frank Caulfield 0-0: Foul Ball, location: 2F
0-1: Swinging Strike
0-2: Ball
1-2: Fly out, F3 (Line Drive, 3L, EV 68.1 MPH)
Batting: SHB Dominik Hasek II 0-0: Ball
1-0: Ball
2-0: Swinging Strike
2-1: Swinging Strike
2-2: Ground out 4-3 (Groundball, 34D, EV 82.5 MPH)
Batting: LHB Rodrigo Briceno 0-0: Ball
1-0: Called Strike
1-1: Ball
2-1: Swinging Strike
2-2: Ball
3-2: Foul Ball, location: 2F
3-2: Fly out, F5 (Popup, 56S, EV 88.1 MPH)
Bottom of the 8th over - 0 runs, 0 hits, 0 errors, 0 left on base; Portland 2 - New Hampshire 4
TOP OF THE 9TH
Portland Sea Dogs batting - Pitching for New Hampshire Fisher Cats : RHP Aaron Linkous
Batting: SHB Ben Ervin 0-0: Ball
1-0: Ball
2-0: Called Strike
2-1: Ball
3-1: Foul Ball, location: 2F
3-2: Base on Balls
Pinch Hitting: LHB Julian Toney 0-0: Foul Ball, location: 2F
0-1: Ball
1-1: Swinging Strike
1-2: Strikes out swinging
Pinch Hitting: LHB Noel Young 0-0: Ball
1-0: Called Strike
1-1: Ball
2-1: Fly out, F2 (Popup, 25F, EV 91.2 MPH)
Pinch Hitting: LHB Frank Olivo 0-0: Ball
1-0: Swinging Strike
1-1: Ball
2-1: Ball
3-1: Fly out, F9 (Flyball, 89M, EV 90.0 MPH)
Top of the 9th over - 0 runs, 0 hits, 0 errors, 1 left on base; Portland 2 - New Hampshire 4
Thursday, December 15th , 2022 - OOTP Baseball 23.9 Build 102